 Dungeon Crawl Stone Soup version 0.32-a0-792-g3d70bf0 (webtiles) character file.

Game seed: 11198611840007331612

2314 Dorkslayer the Chopper (level 9, -5/61 HPs)
             Began as an Octopode Fighter on Mar 20, 2024.
             Slain by an orc warlord
             ... wielding a +4 battleaxe
              (7 damage)
             ... in a bailey.
             The game lasted 00:17:14 (4953 turns).

Dorkslayer the Chopper (Octopode Fighter)           Turns: 4953, Time: 00:17:15

Health: -5/61      AC:  3    Str: 24    XL:     9   Next: 41%
Magic:  9/9        EV: 14    Int:  9    God:
Gold:   303        SH: 12    Dex: 16    Spells: 8/8 levels left

rFire   . . .        w - +3 war axe
rCold   . . .        t - +2 buckler
rNeg    . . .        (helmet restricted)
rPois   .            u - amulet of reflection
rElec   .            y - +4 ring of slaying
rCorr   +            z - +6 ring of strength
SInv    .            q - ring of resist corrosion
Will    .....        (no ring)
Stlth   ++++         (no ring)
HPRegen 0.30/turn    (no ring)
MPRegen 0.11/turn    (no ring)
                     (no ring)

%: reflection
@: hasted, very quick
A: almost no armour, amphibious, 8 rings, camouflage 1, gelatinous body 1,
(nimble swimmer 1), tentacles, iridescent scales 1, agile 1
a: no special abilities


You were in a bailey.
You visited 2 branches of the dungeon, and saw 8 of its levels.
You also visited: Sewer and Bailey.

You collected 368 gold pieces.
You spent 65 gold pieces at shops.

Inventory:

Hand Weapons
 a - a +2 war axe
 c - a +2 whip of electrocution
 p - a +2 heavy mace
 r - a +1 whip of flaming
 w - a +3 war axe (weapon)
Missiles
 d - 4 javelins
 v - 17 boomerangs (quivered)
Armour
 t - a +2 buckler (worn)
Jewellery
 q - a ring of resist corrosion (on tentacle)
 u - an amulet of reflection (around mantle)
 y - a +4 ring of slaying (left tentacle)
 z - a +6 ring of strength (right tentacle)
Talismans
 k - a serpent talisman
Wands
 x - a wand of flame (15)
Scrolls
 m - 3 scrolls of revelation
 o - 4 scrolls of enchant armour
 s - a scroll of teleportation
Potions
 b - 3 potions of mutation
 f - a potion of invisibility {unknown}
 h - 2 potions of haste
 i - 2 potions of enlightenment
 j - a potion of curing
 l - 2 potions of brilliance
 n - 2 potions of magic {unknown}
 A - a potion of attraction {unknown}


   Skills:
 + Level 5.1 Fighting
 + Level 7.7 Axes
 + Level 1.7 Throwing
 + Level 4.9 Dodging
 + Level 6.7 Stealth
 + Level 4.7 Shields
 * Level 4.6 Evocations


You had 8 spell levels left.
You didn't know any spells.
Your spell library contained the following spells:

 Spells                   Type           Power      Damage    Failure   Level
 Blink                    Tloc           0%         N/A       58%         2
 Call Imp                 Summ           0%         N/A       58%         2
 Lesser Beckoning         Tloc           0%         N/A       58%         2
 Momentum Strike          Conj/Tloc      0%         3d8       58%         2
 Sublimation of Blood     Necr           0%         N/A       58%         2
 Dazzling Flash           Conj/Hex       0%         N/A       82%         3
 Starburst                Conj/Fire      0%         6d3       100%        6
 Summon Hydra             Summ           0%         N/A       100%        7
 Maxwell's Capacitive Co  Air            0%         ∞         100%        8


Dungeon Overview and Level Annotations

Branches:
Dungeon (7/15)             Temple (1/1) D:4           Sewer (visited)
 Bailey (1/1)

Altars:
Ashenzari
Cheibriados
Elyvilon
Fedhas
Gozag
Hepliaklqana
Kikubaaqudgha
Makhleb
Nemelex Xobeh
Qazlal
Ru
Sif Muna
Uskayaw
Vehumet
Wu Jian
Xom
Yredelemnul
The Shining One

Shops:
D:4 *


Innate Abilities, Weirdness & Mutations

You cannot wear most types of armour.
You are amphibious.
You can wear up to eight rings at the same time.
Your skin changes colour to match your surroundings (Stealth+).
Your rubbery body absorbs attacks. (AC +1, EV +1)
((You are camouflaged when in or above water. (Stealth+)))
You have tentacles for arms and can constrict up to eight enemies at once.
You are partially covered in iridescent scales. (AC +2)
You are agile. (Dex +4, Str/Int -1)


Message History

The orc warlord is moderately wounded.
Aiming: Throw Flame
Press: ? - help, Shift-Dir - straight line, f/p - orc warlord
Aim: an orc warlord, wielding a +4 battleaxe and wearing a +0 crystal plate armour (moderately wounded, 84% to hit)
The puff of flame hits the orc warlord but does no damage.
The orc warlord is moderately wounded.
Unknown command.
Aiming: Throw Flame
Press: ? - help, Shift-Dir - straight line, f/p - orc warlord
Aim: an orc warlord, wielding a +4 battleaxe and wearing a +0 crystal plate armour (moderately wounded, 84% to hit)
The puff of flame hits the orc warlord.
The orc warlord is moderately wounded.
You hit the orc warlord but do no damage.
You grab the orc warlord. You squeeze the orc warlord.
The orc warlord is moderately wounded.
You constrict the orc warlord.
The orc warlord hits you with a +4 battleaxe!
You hit the orc warlord but do no damage.
You squeeze the orc warlord, but do no damage.
The orc warlord is moderately wounded.
You constrict the orc warlord, but do no damage.
The orc warlord hits you with a +4 battleaxe!!!
Ouch! That really hurt!
* * * LOW HITPOINT WARNING * * *
You hit the orc warlord but do no damage.
You squeeze the orc warlord.
The orc warlord is heavily wounded.
You constrict the orc warlord.
You feel much better.
You constrict the orc warlord.
The orc warlord hits you with a +4 battleaxe!!
Ouch! That really hurt!
* * * LOW HITPOINT WARNING * * *
You hit the orc warlord but do no damage.
The orc warlord is heavily wounded.
You constrict the orc warlord. You block the orc warlord's attack.
You slash the orc warlord!
The orc warlord is heavily wounded.
You constrict the orc warlord.
The orc warlord hits you with a +4 battleaxe!
You die...

♣♣...~~~)#~.........~#.~~~...♣♣
♣...~~~.#~~.ß...ß.~~#.~~~...♣
♣♣..###)###.......###'###..♣♣
♣.##....#~.ß...ß.~#....##.♣
♣##.....#~~~~~~~~~#.....##♣
##......####~~~####......##
#...ß......#'''#......ß...#
#............o........)...#
#............@.......)....#
##..ß..ß...........ß..ß..##
##.......#######.......##
##.....## ##.....## ##...##
##...## ##### #####


You could see an orc warlord.

Vanquished Creatures
  2 water moccasins
  6 orc warriors (Bailey)
  A hornet zombie (D:6)
  2 phantoms (D:6)
  A bullfrog (D:6)
  3 scorpions
  5 wights (D:6)
  A wyvern skeleton (D:6)
  A bullfrog zombie (D:6)
  3 orc priests
  A jelly (D:6)
  A bombardier beetle (D:5)
  3 hounds (D:5)
  2 iguanas (D:6)
  2 sleepcaps
  4 orc wizards
  A hell rat (Sewer)
  3 gnolls (Bailey)
  A river rat (Sewer)
  6 adders
  A howler monkey skeleton (D:6)
  3 shadow imps (D:4)
  2 ufetubi (D:6)
  4 dart slugs
  2 ribbon worms
  22 orcs
  10 ball pythons
  11 endoplasms
  A giant cockroach (D:4)
  5 hobgoblins
  19 kobolds
  4 quokkas
  4 bats
  A frilled lizard (D:2)
  7 goblins
  9 rats
154 creatures vanquished.

Notes
Turn   | Place    | Note
-------+----------+-------------------------------------------
     0 | D:1      | Dorkslayer the Octopode Fighter began the quest for the
                  | Orb.
     0 | D:1      | Reached XP level 1. HP: 16/16 MP: 1/1
    72 | D:1      | Reached XP level 2. HP: 21/21 MP: 2/2
   254 | D:1      | Found a faded altar of an unknown god.
   353 | D:1      | Reached XP level 3. HP: 24/26 MP: 3/3
   766 | D:2      | You fall into a shaft and drop 2 floors!
   892 | D:4      | Reached skill level 1 in Stealth
   920 | D:4      | Found a glowing drain.
   936 | Sewer    | Entered a sewer
   946 | Sewer    | Reached XP level 4. HP: 27/31 MP: 4/4
  1007 | Sewer    | Reached skill level 3 in Axes
  1051 | D:4      | Noticed a scorpion
  1607 | D:2      | Reached XP level 5. HP: 36/36 MP: 5/5
  1849 | D:3      | Reached XP level 6. HP: 20/43 MP: 6/6
  2001 | D:3      | Reached skill level 4 in Axes
  2030 | D:3      | Found a hazy altar of Hepliaklqana.
  2408 | D:4      | Found a transporter.
  2529 | D:4      | Found a transporter.
  2757 | D:4      | Found Hitzeuwn's Humungous Hoard.
  2812 | D:4      | Bought a potion of heal wounds for 65 gold pieces
  2844 | D:4      | Found a staircase to the Ecumenical Temple.
  2871 | Temple   | Entered the Ecumenical Temple
  3208 | D:5      | Entered Level 5 of the Dungeon
  3316 | D:5      | Reached XP level 7. HP: 42/48 MP: 7/7
  3347 | D:5      | Reached skill level 5 in Axes
  3519 | D:5      | Reached skill level 1 in Evocations
  3624 | D:5      | Reached skill level 5 in Stealth
  3829 | D:5      | Found a sacrificial altar of Ru.
  3895 | D:6      | Found a stormy altar of Qazlal.
  3896 | D:6      | Found a blossoming altar of Fedhas.
  3919 | D:6      | Reached XP level 8. HP: 47/54 MP: 8/8
  3924 | D:6      | Reached skill level 6 in Axes
  4129 | D:6      | Gained mutation: Your spells are a little harder to cast,
                  | but a little more powerful. [potion of mutation]
  4130 | D:6      | Lost mutation: Your spells are a little harder to cast, but
                  | a little more powerful. [potion of mutation]
  4130 | D:6      | Gained mutation: Your health recovers twice as slowly from
                  | being drained. [potion of mutation]
  4130 | D:6      | Gained mutation: Your muscles are strong. (Str +4, Int/Dex
                  | -1) [potion of mutation]
  4130 | D:6      | Gained mutation: You occasionally lose the ability to drink
                  | potions when taking damage. [potion of mutation]
  4131 | D:6      | Lost mutation: Your health recovers twice as slowly from
                  | being drained. [potion of mutation]
  4131 | D:6      | Lost mutation: You occasionally lose the ability to drink
                  | potions when taking damage. [potion of mutation]
  4131 | D:6      | Lost mutation: Your muscles are strong. (Str +4, Int/Dex
                  | -1) [potion of mutation]
  4131 | D:6      | Gained mutation: You are agile. (Dex +4, Str/Int -1)
                  | [potion of mutation]
  4131 | D:6      | Gained mutation: You are partially covered in iridescent
                  | scales. (AC +2) [potion of mutation]
  4151 | D:6      | Reached skill level 1 in Throwing
  4157 | D:6      | Reached skill level 7 in Axes
  4173 | D:6      | Reached XP level 9. HP: 53/60 MP: 9/9
  4481 | D:7      | Found a flagged portal.
  4489 | Bailey   | Entered a bailey
  4544 | Bailey   | Reached skill level 5 in Fighting
  4566 | Bailey   | Noticed an orc warlord
  4777 | Bailey   | Found a runed translucent gate.
  4779 | Bailey   | Found a runed translucent gate.
  4780 | Bailey   | Found a runed translucent gate.
  4951 | Bailey   | HP: 1/61 [orc warlord/+4 battleaxe (32)]
  4953 | Bailey   | Slain by an orc warlord

Illustrated notes

Levels and vault maps discovered:
D:1:      nzn_arrival_water_spiral, layout_loops_ring,
          hellmonk_ecumenical_altar_arch_garden
D:2:      layout_basic, hangedman_decor_growths
D:3:      layout_loops_ring, lemuel_doored_altar, kennysheep_doodads
D:4:      gammafunk_wand_slinger, layout_cave_pods,
          minmay_temple_entry_offerings, portal_sewer_entry_b,
          nicolae_alphabet_shops, minmay_misc_feat_enclosed
D:5:      layout_cave_pools, nicolae_ru_path_of_blood
D:6:      layout_cave_pools, grunt_temple_overflow_forces_of_nature,
          serial_undead, serial_undead_b, serial_undead_d, serial_undead_f,
          serial_undead_a
D:7:      layout_rooms, minitemple, enter_bailey_2, uniq_joseph
Temple:   nicolae_temple_ecumenical_triangle
Bailey:   bailey_axe_bossmonster_kennysheep, bailey

Skill      XL: |  1  2  3  4  5  6  7  8  9 |
---------------+----------------------------+-----
Stealth        | 1 2 3 4 5 6 |  6.7
Axes           | 3 4 5 7 |  7.7
Fighting       | 4 5 |  5.1
Evocations     | 2 3 4 |  4.6
Dodging        | 4 |  4.9
Shields        | 4 |  4.7
Throwing       | 1 |  1.7

Action                     |  1- 3 |  4- 6 |  7- 9 || total
---------------------------+-------+-------+-------++-------
  Melee: War axe           |    46 |    98 |    99 ||   243
         Tentacles         |     6 |    23 |    31 ||    60
         Constrict         |    15 |    32 |    36 ||    83
  Throw: Javelin           |       |     2 |     5 ||     7
         Boomerang         |       |       |    14 ||    14
  Evoke: Wand              |       |       |    13 ||    13
    Use: Scroll            |     2 |     7 |    10 ||    19
         Potion            |       |     3 |    11 ||    14
   Stab: Sleeping          |     6 |    14 |     5 ||    25
         Distracted        |       |       |     1 ||     1
 Armour: Skin              |    22 |    30 |    55 ||   107
  Dodge: Dodged            |    17 |    48 |    43 ||   108
  Block: Buckler           |     8 |    25 |    49 ||    82
         Reflection        |       |     1 |    10 ||    11

Table legend: (Time is in decaauts)
 A = Elapsed time spent in this place.
 B = Non-inter-level travel time spent in this place.
 C = Inter-level travel time spent in this place.
 D = Time resting spent in this place.
 E = Time spent auto-exploring this place.
 F = Levels seen in this place.
 G = Mean time per level.
                   A        B        C        D        E       F      G
               +--------+--------+--------+--------+--------+-----+--------+
         Total |   5016 |   5016 |      0 |     45 |   2453 |  10 |  501.6 |
       Dungeon |   4448 |   4448 |      0 |     20 |   2310 |   7 |  635.4 |
        Temple |     15 |     15 |      0 |      0 |      0 |   1 |   15.0 |
         Sewer |     93 |     93 |      0 |      0 |     36 |   1 |   93.0 |
        Bailey |    458 |    458 |      0 |     25 |    107 |   1 |  458.0 |
               +--------+--------+--------+--------+--------+-----+--------+

Top non-repeatable levels by time:
     D:4: 1042 daAuts
     D:2: 796 daAuts
     D:5: 694 daAuts
     D:3: 678 daAuts
     D:1: 633 daAuts
     D:6: 594 daAuts
  Bailey: 458 daAuts
   Sewer: 93 daAuts
  Temple: 15 daAuts
     D:7: 8 daAuts
